 Dungeon Crawl Stone Soup version 0.22-a0-409-gb855193 (webtiles) character file.

213 Firecrotchwizard the Cudgeler (level 5, 0/46 HPs)
             Began as a Minotaur Gladiator on May 11, 2018.
             Slain by an orc (4 damage)
             ... on level 3 of the Dungeon.
             The game lasted 00:04:10 (3272 turns).

Firecrotchwizard the Cudgeler (Minotaur Gladiator)  Turns: 3272, Time: 00:04:11

Health: 0/46       AC:  3    Str: 19    XL:     5   Next: 59%
Magic:  4/4        EV: 13    Int:  5    God:
Gold:   157        SH:  0    Dex: 12    Spells: 4/4 levels left

rFire    . . .     SeeInvis .   a - +0 flail
rCold    . . .     Gourm    .   (no shield)
rNeg     . . .     Faith    .   b - +0 leather armour
rPois    .         Spirit   .   c - +0 hat
rElec    .         Reflect  .   (no cloak)
rCorr    .         Harm     .   (no gloves)
MR       .....                  (no boots)
Stlth    ++........             (no amulet)
HPRegen  0.15/turn              j - ring of stealth {Stlth+}
MPRegen  0.09/turn              (no ring)

@: no status effects
A: retaliatory headbutt, horns 2
a: no special abilities


You were on level 3 of the Dungeon.
You were not hungry.

You visited 1 branch of the dungeon, and saw 3 of its levels.

You collected 157 gold pieces.

Inventory:

Hand Weapons
 a - a +0 flail (weapon)
 k - a +0 dagger of venom
   (You took it off a kobold on level 1 of the Dungeon)
Missiles
 d - 3 throwing nets {=f, !d}
Armour
 b - a +0 leather armour (worn)
 c - a +0 hat (worn)
 i - a +0 robe
   (You found it on level 2 of the Dungeon)
Jewellery
 j - a ring of stealth (left hand) {Stlth+}
   (You found it on level 2 of the Dungeon)
Wands
 p - a wand of enslavement (8)
   (You found it on level 2 of the Dungeon)
Scrolls
 h - 2 scrolls of enchant weapon {unknown}
 q - 2 scrolls of identify
 t - 2 scrolls of amnesia {unknown}
 v - 2 scrolls of noise {unknown}
 w - a scroll of teleportation {unknown}
 x - a scroll of remove curse
Potions
 e - a potion of ambrosia {unknown}
 g - a potion of degeneration {unknown}
 l - a potion of heal wounds {unknown}
 m - a potion of flight {unknown}
 n - a potion of haste {unknown}
 o - a potion of magic {unknown}
 s - a potion of lignification {unknown}
 u - a potion of curing {unknown}
Comestibles
 f - 3 rations {@e1}


   Skills:
 + Level 4.0 Fighting
 * Level 6.0 Maces & Flails
 - Level 2.0 Throwing
 + Level 4.4 Dodging


You had 4 spell levels left.
You didn't know any spells.

Dungeon Overview and Level Annotations

Branches:
Dungeon (3/15)

Altars:
Qazlal

Annotations:
D:2 Sigmund


Innate Abilities, Weirdness & Mutations

You reflexively headbutt those who attack you in melee.
You have a pair of horns on your head.


Message History

Reactivating autopickup.
You feel a bit more experienced.
You sock the worm! You hit the worm. The worm closely misses you.
You sock the worm!
You kill the worm!
There is an open door, spattered with blood here.
Items here: ))) [ ††† Some of the chunks of flesh in your inventory have rotted away.
There is an open door, spattered with blood here.
Items here: ))) [ ††† You butcher the worm corpse.
r - 6 chunks of flesh {@w0} (gained 3)
There is an open door, spattered with blood here.
Items here: ))) [ †† a dagger; a robe; a flail; a dagger; an orc corpse x2
You butcher the orc corpse.
r - 10 chunks of flesh {@w0} (gained 4)
There is an open door, spattered with blood here.
Items here: ))) [ † a dagger; a robe; a flail; a dagger; an orc corpse You butcher the orc corpse.
r - 13 chunks of flesh {@w0} (gained 3)
There is an open door, spattered with blood here.
Items here: ))) [ a dagger; a robe; a flail; a dagger You start resting.
Some of the chunks of flesh in your inventory have rotted away.
Eating one of 12 chunks of flesh {@w0}.
You eat one of the 12 chunks of flesh {@w0}.
Some of the chunks of flesh in your inventory have rotted away.
Health restored: 46 An adder comes into view.
An adder is nearby!
An orc wizard comes into view. It is wielding a dagger.
The orc wizard shouts!
The orc wizard casts a spell.
The orc wizard flickers and vanishes!
Deactivating autopickup; reactivate with Ctrl-A.
An orc comes into view. It is wielding a flail.
The orc shouts!
You hear some strange, mumbled words.
An orc comes into view.
An orc wizard comes into view. It is wielding a dagger.
All of the chunks of flesh in your inventory have rotted away.
Found a stone staircase leading down.
You closely miss the adder.
The adder hisses angrily.
The orc wizard shouts!
You hear a shout!
The adder bites you. The adder misses you.
You take 2 damage, and have 44/46 hp.
You sock the adder!
You kill the adder!
You hear some strange, mumbled words.
A magic dart appears from out of thin air!
The magic dart hits you!
You take 7 damage, and have 37/46 hp.
You closely miss something. Your headbutt misses something.
You hear some strange, mumbled words.
A puff of frost appears from out of thin air!
The puff of frost hits you!
The orc wizard gestures wildly while chanting.
The orc wizard flickers and vanishes!
You take 7 damage, and have 30/46 hp.
You sock something! Something hits you but does no damage.
An orc priest comes into view. It is wielding a club.
You hit the orc but do no damage.
You hear some strange, mumbled words.
A magic dart appears from out of thin air!
The magic dart hits you!
You take 6 damage, and have 24/46 hp.
You are too injured to fight recklessly!
You are too injured to fight recklessly!
You sock the orc priest! Something barely misses you. The orc misses you.
You furiously retaliate!
You headbutt the orc.
You kill the orc!
Something hits you. The orc priest completely misses you.
You furiously retaliate!
You headbutt the orc priest!
You kill the orc priest!
Your Fighting skill increases to level 4!
Your Maces & Flails skill increases to level 6!
Something hits you but does no damage.
You take 1 damage, and have 23/46 hp.
You closely miss something. You headbutt something. Something hits you.
You take 4 damage, and have 19/46 hp.
You barely miss something. Your headbutt misses something. Something hits you.
Something barely misses you.
You hear some strange, mumbled words.
A magic dart appears from out of thin air!
The magic dart hits you!
* * * LOW HITPOINT WARNING * * *
The orc barely misses you.
You take 10 damage, and have 9/46 hp.
MASSIVE DAMAGE!!
You hit something but do no damage. Something hits you.
* * * LOW HITPOINT WARNING * * *
Something hits you but does no damage. The orc closely misses you.
You take 1 damage, and have 8/46 hp.
You barely miss something. Something hits you.
* * * LOW HITPOINT WARNING * * *
Something hits you but does no damage. The orc hits you.
You die...

#...........#
#.#########.# #.# #.#
#.# #.# #.#### #.#
#....######.# #####
#....##.....# #...
#....##.#######)#####.#
#....##.......{@o.....#
##....##########)#######
.............. >...
.#....########.#.###
.#....# #.#.# .#....## #
#.# .#.....# #.#
.......# #.# ##.....#


You could see an orc.

Vanquished Creatures
  A bullfrog skeleton (D:3)
  An orc priest (D:3)
  An orc wizard (D:3)
  4 adders
  3 worms
  2 dart slugs
  2 leopard geckos
  5 orcs
  10 bats
  6 giant cockroaches
  6 goblins
  7 hobgoblins
  A jackal (D:2)
  A quokka (D:3)
  2 ball pythons (D:1)
  5 frilled lizards
  9 kobolds
  5 rats
71 creatures vanquished.

Notes
Turn   | Place    | Note
-------+----------+-------------------------------------------
     0 | D:1      | Firecrotchwizard the Minotaur Gladiator began the quest for the Orb.
     0 | D:1      | Reached XP level 1. HP: 18/18 MP: 0/0
   253 | D:1      | Reached skill level 4 in Maces & Flails
   253 | D:1      | Reached XP level 2. HP: 22/25 MP: 1/1
   622 | D:1      | Reached XP level 3. HP: 18/30 MP: 2/2
  1156 | D:2      | Reached skill level 3 in Fighting
  1496 | D:2      | Noticed Sigmund
  2194 | D:2      | Reached XP level 4. HP: 38/38 MP: 3/3
  2199 | D:2      | Reached skill level 5 in Maces & Flails
  2412 | D:2      | Found a stormy altar of Qazlal.
  2719 | D:3      | Reached skill level 4 in Dodging
  3034 | D:3      | Reached XP level 5. HP: 32/46 MP: 4/4
  3268 | D:3      | Reached skill level 4 in Fighting
  3268 | D:3      | Reached skill level 6 in Maces & Flails
  3270 | D:3      | HP: 9/46 [something/magic dart (8)]
  3272 | D:3      | HP: 4/46 [something (4)]
  3272 | D:3      | Slain by an orc

Vault maps used:
D:1:      lemuel_arrival_broad_hall
D:2:      kb_forest_paths, nicolae_qazlal_eye_of_the_storm, uniq_sigmund

Skill      XL: |  1  2  3  4  5 |
---------------+----------------+-----
Maces & Flails | 4 5 6 |  6.0
Fighting       | 3 4 |  4.0
Dodging        | 4 |  4.4
Throwing       | |  2.0

Action                   |  1- 3 |  4- 6 || total
-------------------------+-------+-------++-------
Melee: Flail             |    83 |    51 ||   134
       Headbutt          |     8 |     4 ||    12
  Use: Scroll            |     4 |     2 ||     6
 Stab: Sleeping          |     2 |     2 ||     4
  Eat: Chunk             |     2 |     2 ||     4
       Ration            |     1 |       ||     1
Armor: Leather armour    |    16 |     6 ||    22
       Robe              |     8 |     8 ||    16
Dodge: Dodged            |    61 |    42 ||   103

Table legend:
 A = Spawn XP
 B = Non-spawn XP
 C = Spawn XP percentage of total XP
 D = Spawn monster count
 E = Non-spawn monster count
 F = Spawn count percentage of total count
 G = Total turns spent on level
                    A         B        C        D         E        F      G
               +---------+---------+-------+---------+---------+-------+---------
         Total |       0 |     305 |   0.0 |       0 |      71 |   0.0 |  3272
               +---------+---------+-------+---------+---------+-------+---------
           D:1 |       0 |      41 |   0.0 |       0 |      24 |   0.0 |   989
           D:2 |       0 |      60 |   0.0 |       0 |      24 |   0.0 |  1479
           D:3 |       0 |     204 |   0.0 |       0 |      23 |   0.0 |   804
               +---------+---------+-------+---------+---------+-------+---------

Vault maps used:
D:1:      lemuel_arrival_broad_hall
D:2:      kb_forest_paths, nicolae_qazlal_eye_of_the_storm, uniq_sigmund

Table legend:
 A = Turns spent in this place as a percentage of turns spent in the entire game.
 B = Non-inter-level travel turns spent in this place as a percentage of non-inter-level travel turns spent in the entire game.
 C = Inter-level travel turns spent in this place as a percentage of turns spent in this place.
 D = Turns resting spent in this place as a percentage of non-inter-level travel turns spent in this place.
 E = Turns spent auto-exploring this place as a percentage of non-inter-level travel turns spent in this place.
 F = Non-inter-level travel turns spent in this place divided by the number of levels of this place that you've seen.
                   A       B       C       D       E      F
               +-------+-------+-------+-------+-------+----------------------
         Total | 100.0 | 100.0 |   2.8 |  25.4 |  58.3 | 1060.3
       Dungeon | 100.0 | 100.0 |   2.8 |  25.4 |  58.3 | 1060.3
               +-------+-------+-------+-------+-------+----------------------

Table legend:
 A = Kills in this place as a percentage of kills in entire the game.
 B = Kills by you in this place as a percentage of kills by you in the entire game.
 C = Kills by friends in this place as a percentage of kills by friends in the entire game.
 D = Other kills in this place as a percentage of other kills in the entire game.
 E = Experience gained in this place as a percentage of experience gained in the entire game.
 F = Experience gained in this place divided by the number of levels of this place that you have seen.
                   A       B       C       D       E      F
               +-------+-------+-------+-------+-------+----------------------
         Total | 100.0 | 100.0 |   N/A |   N/A | 100.0 | 101.7
       Dungeon | 100.0 | 100.0 |   N/A |   N/A | 100.0 | 101.7
               +-------+-------+-------+-------+-------+----------------------
